 Dungeon Crawl Stone Soup version 0.31.0-11-ge490571c62 (webtiles) character file.

Game seed: 11522290936969983916

170 sasquatch the Chopper (level 5, -1/38 (41) HPs)
             Began as a Formicid Fighter on Jan 28, 2024.
             Slain by a goblin
             ... wielding a +0 dagger
             ... led by Robin
              (5 damage)
             ... on level 3 of the Dungeon.
             The game lasted 00:03:34 (1900 turns).

sasquatch the Chopper (Formicid Fighter)            Turns: 1900, Time: 00:03:35

HP:   -1/38 (41)    AC:  8    Str: 23    XL:     5   Next: 80%
MP:   5/5           EV:  9    Int:  7    God:
Gold: 134           SH:  5    Dex: 13    Spells: 4/4 levels left

rFire   . . .        a - +0 war axe
rCold   . . .        c - +0 buckler
rNeg    . . .        b - +0 scale mail
rPois   .            (helmet unavailable)
rElec   .            (no cloak)
rCorr   .            (no gloves)
SInv    +            k - +0 pair of boots
Will    .....        (no amulet) Stlth
                     (no ring)
HPRegen 0.26/turn    (no ring)
MPRegen 0.09/turn

%: no passive effects
@: drained
A: permanent stasis, dig shafts and tunnels, antennae 3, four strong arms
a: Dig, Shaft Self


You were on level 3 of the Dungeon.
You visited 1 branch of the dungeon, and saw 3 of its levels.

You collected 134 gold pieces.

Inventory:

Hand Weapons
 a - a +0 war axe (weapon)
Missiles
 f - 8 poisoned darts (quivered)
 o - a throwing net
Armour
 b - a +0 scale mail (worn)
 c - a +0 buckler (worn)
 k - a +0 pair of boots (worn)
Jewellery
 m - an amulet of faith
 r - an amulet of reflection
Wands
 q - a wand of quicksilver (6)
 s - a wand of charming (3)
Scrolls
 e - a scroll of poison {unknown}
 g - 3 scrolls of teleportation {unknown}
 n - a scroll of identify {unknown}
Potions
 d - a potion of might
 h - 2 potions of haste {unknown}
 i - a potion of cancellation {unknown}
 j - a potion of heal wounds {unknown}
 l - a potion of attraction {unknown}
 p - a potion of lignification {unknown}
 t - a potion of enlightenment {unknown}


   Skills:
 - Level 3.2 Fighting
 + Level 5.5 Axes
 - Level 3.2 Armour
 - Level 4.0 Shields


You had 4 spell levels left.
You didn't know any spells.
Your spell library contained the following spells:

 Spells                   Type           Power      Damage    Failure   Level
 Apportation              Tloc           0%         N/A       80%         1
 Sandblast                Erth           0%         2d4       80%         1
 Jinxbite                 Hex            0%         N/A       91%         2
 Passwall                 Erth           0%         N/A       99%         3
 Stone Arrow              Conj/Erth      0%         3d7       99%         3
 Brom's Barrelling Bould  Conj/Erth      0%         2d3       100%        4
 Alistair's Intoxication  Alch           0%         N/A       100%        5


Dungeon Overview and Level Annotations

Branches:
Dungeon (3/15)

Altars:

Shops:
D:1 !

Annotations:
D:3 Robin


Innate Abilities, Weirdness & Mutations

You cannot be hasted, slowed, berserked, paralysed or teleported.
You can dig through walls and to a lower floor.
You have a pair of large antennae on your head. (SInv)
Your four strong arms can wield two-handed weapons with a shield.


Message History

Unknown command.
You miss the goblin. You hit the hobgoblin. You slash the goblin!
You kill the goblin!
You hit the goblin.
You kill the goblin!
The goblin unwields a +0 dagger.
The goblin wields a +2 sling of draining.
You sense an unholy aura.
The goblin shoots a sling bullet.
The sling bullet hits you but does no damage.
You feel drained. The goblin barely misses you.
The hobgoblin barely misses you.
You hit the goblin.
You kill the goblin!
You slash the hobgoblin!
You kill the hobgoblin!
You slash the goblin!
You kill the goblin!
You slash the goblin!
You kill the goblin!
The goblin shoots a sling bullet.
The sling bullet hits you.
You feel drained. Robin throws the goblin at you!
The goblin hits you but does no damage.
Unknown command.
You closely miss the goblin. You slash the goblin!
You kill the goblin!
The goblin hits you with a +0 dagger.
Unknown command.
You completely miss the goblin. You hit the goblin.
You hit Robin but do no damage. The goblin hits you with a +0 dagger.
The goblin unwields a +2 sling of draining.
The goblin wields a +0 dagger.
You block the goblin's attack.
Unknown command.
You closely miss the goblin. x2; You hit Robin.
You barely miss the hobgoblin. Robin hits you but does no damage.
You are electrocuted!
* * * LOW HITPOINT WARNING * * *
The goblin hits you with a +0 dagger.
* * * LOW HITPOINT WARNING * * *
The hobgoblin hits you.
* * * LOW HITPOINT WARNING * * *
The goblin barely misses you. The goblin hits you with a +0 dagger.
You die...

#...####)...........
####...###.............
#........#.........>...
#.............####.....
#...........######.....
#.>......##............
######.###########.#...
###g# #####.###. #.)@#
#..(...... #..ggg#
#.......... #.......#
#.##+##.... #.......# #
#..). #.......# #....
##.....## #.... #......
#.... ....... .....


You could see Robin, a hobgoblin (strong) and 2 goblins.

Vanquished Creatures
  A sleepcap (D:3)
  4 gnolls
  3 adders
  2 dart slugs (D:2)
  A ribbon worm (D:2)
  An orc (D:3)
  An endoplasm (D:1)
  A giant cockroach (D:1)
  12 goblins
  4 hobgoblins
  5 jackals (D:2)
  A quokka (D:1)
  8 ball pythons
  7 bats
  4 frilled lizards
  7 kobolds
  6 rats
68 creatures vanquished.

Notes
Turn   | Place    | Note
-------+----------+-------------------------------------------
     0 | D:1      | sasquatch the Formicid Fighter began the quest for the Orb.
     0 | D:1      | Reached XP level 1. HP: 18/18 MP: 1/1
    48 | D:1      | Found Uxiot's Distillery.
   100 | D:1      | Reached XP level 2. HP: 23/24 MP: 2/2
   258 | D:1      | Reached skill level 3 in Axes
   432 | D:1      | Reached XP level 3. HP: 26/29 MP: 3/3
   930 | D:2      | Reached skill level 4 in Axes
   930 | D:2      | Reached XP level 4. HP: 32/35 MP: 4/4
  1495 | D:2      | Reached XP level 5. HP: 41/41 MP: 5/5
  1539 | D:2      | Reached skill level 5 in Axes
  1892 | D:3      | Noticed Robin
  1900 | D:3      | Slain by a goblin

Illustrated notes

Levels and vault maps discovered:
D:1:      dpeg_arrival_shrine, layout_loops_ring, serial_shops, shop
D:2:      layout_loops_ring
D:3:      cheibrodos_helix_gallery, layout_rooms, minmay_misc_feat_room,
          uniq_robin

Skill      XL: |  1  2  3  4  5 |
---------------+----------------+-----
Axes           | 3 4 5 |  5.5
Fighting       | |  3.2
Armour         | |  3.2
Shields        | |  4.0

Action                     |  1- 3 |  4- 6 || total
---------------------------+-------+-------++-------
  Melee: War axe           |   104 |    79 ||   183
  Throw: Dart              |       |     1 ||     1
 Armour: Scale mail        |    67 |    62 ||   129
  Dodge: Dodged            |    42 |    33 ||    75
  Block: Buckler           |    27 |    29 ||    56
